 Dungeon Crawl Stone Soup version 0.19.1 (webtiles) character file.

74 lorenzova the Conjurer (level 4, -5/24 HPs)
             Began as a Deep Elf Conjurer on Nov 25, 2016.
             Slain by an ogre
             ... wielding a +0 giant club
              (18 damage)
             ... on level 4 of the Dungeon.
             The game lasted 00:04:32 (2854 turns).

lorenzova the Conjurer (Deep Elf Conjurer)          Turns: 2854, Time: 00:04:33

Health: -5/24      AC:  2    Str:  5    XL:     4   Next: 9%
Magic:  6/12       EV: 13    Int: 21    God:
Gold:   165        SH:  0    Dex: 15    Spells: 2 memorised, 6 levels left

rFire  . . .     SeeInvis .     u - +2 dagger (holy)
rCold  . . .     Gourm    .     l - +0 robe (curse)
rNeg   . . .     Faith    .     (no shield)
rPois  .         Spirit   .     (no helmet)
rElec  .         Reflect  .     (no cloak)
rCorr  .         Harm     .     (no gloves)
MR     .....                    (no boots)
Stlth  ++........               (no amulet)
                                (no ring)
                                n - ring of wizardry

@: no status effects
A: no striking features
a: no special abilities


You were on level 4 of the Dungeon.
You were hungry.

You visited 1 branch of the dungeon, and saw 4 of its levels.

You collected 165 gold pieces.

Inventory:

Hand Weapons
 g - a +0 dagger
 u - a +2 dagger of holy wrath (weapon)
Armour
 a - a +0 robe
 j - a +2 ring mail of fire resistance
 l - a cursed +0 robe (worn)
Jewellery
 n - a ring of wizardry (left hand)
 r - a +4 ring of intelligence {unknown}
Scrolls
 d - 2 scrolls of blinking {unknown}
 e - a scroll of noise {unknown}
 h - a scroll of random uselessness {unknown}
 i - a scroll of recharging {unknown}
 k - 2 scrolls of remove curse {unknown}
 m - 2 scrolls of teleportation {unknown}
 o - a scroll of identify {unknown}
 w - a scroll of fear {unknown}
Potions
 f - a potion of curing {unknown}
 p - a potion of might {unknown}
 q - a potion of heal wounds {unknown}
 s - a potion of lignification {unknown}
 x - a potion of degeneration {unknown}
Books
 b - a book of Conjurations

   Spells                             Type                      Level
   a - Magic Dart                     Conjuration                  1
   b - Searing Ray                    Conjuration                  2
   c - Dazzling Spray                 Conjuration/Hexes            3
   d - Fulminant Prism                Conjuration/Hexes            4
   e - Iskenderun's Mystic Blast      Conjuration                  4
   f - Iskenderun's Battlesphere      Conjuration/Charms           5
Comestibles
 c - 2 bread rations
 t - a meat ration


   Skills:
 - Level 2.4 Dodging
 - Level 2.4 Stealth
 + Level 4.3 Spellcasting
 + Level 5.5 Conjurations


You had 6 spell levels left.
You knew the following spells:

 Your Spells              Type           Power        Failure   Level  Hunger
a - Magic Dart            Conj           ####         1%          1    None
b - Iskenderun's Mystic   Conj           ####....     6%          4    ####...


Dungeon Overview and Level Annotations

Branches:
Dungeon (4/15)
 Temple: D:4-7

Altars:
Sif Muna

Annotations:
D:3 lorenzova's ghost, amateur DECj
D:4 Menkaure


Message History

Casting: Magic Dart
Confirm with . or Enter, or press ? or * to list all spells.
Aiming: Magic Dart
Press: ? - help, Shift-Dir - straight line, f/p - ogre
Aim: an ogre, wielding a giant club (severely wounded)
The magic dart hits the ogre.
The ogre is severely wounded.
Menkaure shouts!
Menkaure calls on the powers of darkness!
The ogre convulses!
Your body is wracked with pain!
Casting: Magic Dart
Confirm with . or Enter, or press ? or * to list all spells.
Aiming: Magic Dart
Press: ? - help, Shift-Dir - straight line, f/p - ogre
Aim: an ogre, wielding a giant club (almost dead)
The magic dart hits the ogre.
The ogre is almost dead.
The ogre hits you with a giant club!!
Ouch! That really hurt!
You die...

...##.. ..M... ..... ...#
###################...#
.........'...#...#....#
.........#...#...#....##.
.....######..#...O........
.....##..##..#..@##...##..
#....#....#..#.>.##...#
#....#....#..#........######
.....##..##..'.........#...######
#....###'##..#...#######...'.....
#######..#...#...##...##...#.....
#...#...#........##...##....
#...#...#........##...######
##..'...#.........#....#


You could see an ogre and Menkaure.

Vanquished Creatures
  An adder (D:2)
  An ooze (D:2)
  3 worms
  A dart slug (D:1)
  A leopard gecko (D:2)
  4 ball pythons
  4 bats
  3 giant cockroaches
  4 hobgoblins
  7 jackals
  4 kobolds
  3 frilled lizards
  4 goblins
  5 rats
45 creatures vanquished.

Notes
Turn   | Place    | Note
-------+----------+-------------------------------------------
     0 | D:1      | lorenzova the Deep Elf Conjurer began the quest for the Orb.
     0 | D:1      | Reached XP level 1. HP: 10/10 MP: 6/6
   320 | D:1      | Reached XP level 2. HP: 11/15 MP: 0/8
   971 | D:2      | Reached skill level 5 in Conjurations
  1298 | D:2      | Reached XP level 3. HP: 15/19 MP: 2/10
  2041 | D:2      | Found a deep blue altar of Sif Muna.
  2612 | D:3      | Reached XP level 4. HP: 24/24 MP: 9/12
  2654 | D:3      | Learned a level 4 spell: Iskenderun's Mystic Blast
  2663 | D:3      | Noticed lorenzova's ghost (amateur DECj)
  2844 | D:4      | Noticed an ogre
  2853 | D:4      | Noticed Menkaure
  2854 | D:4      | Slain by an ogre

Skill      XL: |  1  2  3 |
---------------+----------+-----
Conjurations   | 5 |  5.5
Spellcasting   | 4 |  4.3
Dodging        | |  2.4
Stealth        | |  2.4

Action                   |  1- 3 |  4- 6 || total
-------------------------+-------+-------++-------
 Cast: Magic Dart        |    92 |    19 ||   111
  Eat: Chunk             |     4 |     1 ||     5
Armor: Robe              |     3 |       ||     3
Dodge: Dodged            |     9 |     5 ||    14
